 Dungeon Crawl Stone Soup version 0.29.1-13-g9f3cf754e1 (webtiles) character file.

Game seed: 17624665823416610059

40 LustLizard the Firebug (level 3, -1/28 HPs)
             Began as a Hill Orc Fire Elementalist on Feb 9, 2023.
             Slain by Robin
             ... wielding a +0 mace
              (3 damage)
             ... on level 1 of the Dungeon.
             The game lasted 00:02:36 (1405 turns).

LustLizard the Firebug (Hill Orc Fire Elementalist) Turns: 1405, Time: 00:02:36

Health: -1/28      AC:  4    Str: 10    XL:     3   Next: 50%
Magic:  4/5        EV: 12    Int: 17    God:
Gold:   77         SH:  0    Dex: 11    Spells: 4/5 levels left

rFire   . . .      SeeInvis .   i - +1 dagger (vamp)
rCold   . . .      Faith    .   (no shield)
rNeg    . . .      Spirit   .   a - +0 robe
rPois   .          Reflect  .   (no helmet)
rElec   .          Harm     .   (no cloak)
rCorr   .          Rampage  .   j - +0 pair of gloves
Will    .....                   o - +0 pair of boots
Stlth   ++........              (no amulet)
HPRegen 0.09/turn               (no ring)
MPRegen 0.09/turn               (no ring)

@: attractive
A: no striking features
a: no special abilities


You were on level 1 of the Dungeon.
You visited 1 branch of the dungeon, and saw 2 of its levels.

You collected 77 gold pieces.

Inventory:

Hand Weapons
 f - a +0 club
 i - a +1 vampiric dagger (weapon)
Missiles
 m - 5 poisoned darts
Armour
 a - a +0 robe (worn)
 j - a +0 pair of gloves (worn)
 o - a +0 pair of boots (worn)
Scrolls
 e - a scroll of identify {unknown}
 h - a scroll of silence {unknown}
 n - a scroll of butterflies {unknown}
Potions
 b - a potion of magic
 c - a potion of degeneration {unknown}
 d - a potion of resistance {unknown}
 g - a potion of attraction
 k - a potion of might {unknown}
 l - a potion of mutation {unknown}
 p - a potion of haste {unknown}


   Skills:
 + Level 1.1 Fighting
 - Level 1.5 Dodging
 + Level 2.0 Stealth
 + Level 1.8 Spellcasting
 * Level 1.8 Conjurations
 * Level 3.7 Fire Magic


You had 4 spell levels left.
You knew the following spells:

 Your Spells              Type           Power      Damage    Failure   Level
a - Foxfire               Conj/Fire      44%        2x1d6     6%          1

Your spell library contained the following spells:

 Spells                   Type           Power      Damage    Failure   Level
 Scorch                   Fire           28%        2d6       6%          2
 Conjure Flame            Conj/Fire      11%        6-21      19%         3
 Inner Flame              Hex/Fire       7%         N/A       26%         3
 Flame Wave               Conj/Fire      11%        2d6       52%         4


Dungeon Overview and Level Annotations

Branches:
Dungeon (2/15)

Altars:

Annotations:
D:1 Robin
D:2 Sigmund


Message History

Deactivating autopickup; reactivate with Ctrl-A.
Robin closely misses you.
You are too injured to fight recklessly!
Casting: Foxfire (safe; 6% risk of failure)
Press: ? - help, Q - select action, (/) - cycle Dir - look around, f - activate
Okay, then.
You hit the goblin.
The goblin is moderately wounded.
The goblin misses you.
Robin roars a battlecry!
The goblin goes into a battle-frenzy!
You hit the goblin.
You feel better.
You kill the goblin!
Something completely misses you.
Robin says, "My army is invincible!"
Robin barely misses you. Robin attacks as you move away!
Robin hits you but does no damage.
Things that are here:
a +0 club; a +0 sling Robin says, "My army is invincible!"
Robin attacks as you move away! Robin hits you with a +0 mace.
* * * LOW HITPOINT WARNING * * *
Robin attacks as you move away! Robin hits you with a +0 mace.
* * * LOW HITPOINT WARNING * * *
Things that are here:
a +0 dagger; a +0 dagger; a goblin corpse
There is a stone staircase leading up here.
It was a potion of attraction.
You feel attractive to monsters. Robin barely misses you.
Robin barely misses you. Something is attracted toward you.
You climb upwards.
Reactivating autopickup.
There is a stone staircase leading down here.
You hit Robin but do no damage. Robin closely misses you.
You are too injured to fight recklessly!
Casting: Foxfire (safe; 6% risk of failure)
Confirm with . or Enter, or press ? or * to list all spells.
You conjure some foxfire!
Robin hits you with a +0 mace.
You die...

#.............#
#.##.#.#.#.#.##
#.#...........#
#.##.#.#.#.#.##
#.............#
#.##.#.#.#.#.##
#.............#
#..#.#v#.#.#.##
#....@........######
####v#g#.#.#.#.....#
#....)#.##.......#
##.#..#.##.......#
####......[.#.......###
#.....#.###.#.......'..
#.##.##.###.#.......###
#....##...#.#.>.....##
#########.#.#........##


You could see Robin (ally target).

Vanquished Creatures
  An adder (D:2)
  A dart slug (D:1)
  3 ball pythons
  3 bats (D:1)
  An endoplasm (D:1)
  A giant cockroach (D:1)
  7 goblins
  3 hobgoblins
  2 quokkas
  3 kobolds
25 creatures vanquished.

Vanquished Creatures (others)
  63 foxfires
63 creatures vanquished.

Grand Total: 88 creatures vanquished

Notes
Turn   | Place    | Note
-------+----------+-------------------------------------------
     0 | D:1      | LustLizard the Hill Orc Fire Elementalist began the quest
                  | for the Orb.
     0 | D:1      | Reached XP level 1. HP: 14/14 MP: 3/3
   196 | D:1      | Reached XP level 2. HP: 22/22 MP: 1/4
   696 | D:1      | Found a faded altar of an unknown god.
  1047 | D:2      | Reached skill level 1 in Fighting
  1047 | D:2      | Reached XP level 3. HP: 28/28 MP: 1/5
  1196 | D:2      | Noticed Robin
  1346 | D:2      | Noticed Sigmund
  1399 | D:2      | HP: 1/28 [Robin/+0 mace (4)]
  1405 | D:1      | Slain by Robin

Illustrated notes

Levels and vault maps discovered:
D:1:      evilmike_arrival_plus, layout_basic,
          dreamdust_ecumenical_altar_statues, st_stairs_10
D:2:      layout_basic, item_on_display_a, uniq_robin, uniq_sigmund

Skill      XL: |  1  2  3 |
---------------+----------+-----
Fighting       | 1 |  1.1
Stealth        | 2 |  2.0
Dodging        | |  1.5
Spellcasting   | |  1.8
Conjurations   | |  1.8
Fire Magic     | |  3.7

Action                   || total
-------------------------++-------
Melee: Unarmed           ||     3
       Dagger            ||    35
       Club              ||     4
 Cast: Foxfire           ||    37
  Use: Potion            ||     1
 Stab: Sleeping          ||     1
Armor: Robe              ||    20
Dodge: Dodged            ||    49
